 Dungeon Sprint DCSS version 0.23.2-1-ga50397a6bc (webtiles) character file.

Game seed: 12564814205733598661

2382 Descartes the Basher (level 9, -3/96 HPs)
             Began as a Troll Berserker on May 1, 2019.
             Was a High Priest of Trog.
             Slain by a komodo dragon (6 damage)
             ... in the Dungeon (Sprint IX: "|||||||||||||||||||||||||||||").
             The game lasted 00:03:49 (393 turns).

Descartes the Basher (Troll Berserker)               Turns: 393, Time: 00:03:50

Health: -3/96      AC:  9    Str: 27    XL:     9   Next: 22%
Magic:  8/8        EV: 17    Int:  3    God:    Trog [*****.]
Gold:   0          SH:  0    Dex: 12    Spells: 8/8 levels left

rFire    . . .     SeeInvis .   r - +0 giant spiked club
rCold    . . .     Gourm    +   (shield currently unavailable)
rNeg     . . .     Faith    .   b - +0 animal skin
rPois    .         Spirit   .   (helmet restricted)
rElec    .         Reflect  .   n - +0 cloak
rCorr    .         Harm     .   (gloves unavailable)
MR       .....     NoTele   +   (boots unavailable)
Stlth    +.........             (no amulet)
HPRegen  0.66/turn              o - +2 ring of evasion
MPRegen  0.11/turn              p - +2 ring of protection

@: lethally poisoned (-3 -> -4)
A: large, unfitting armour, claws 3, fast metabolism 3, gourmand, regeneration
1, shaggy fur 1, tough skin 3
a: Berserk, Trog's Hand, Brothers in Arms, Renounce Religion


You were in the Dungeon.
You worshipped Trog.
Trog was extremely pleased with you.
You were near starving.

You visited 1 branch

Inventory:

Hand Weapons
 a - a +0 mace
 m - a +2 morningstar of protection
 r - a +0 giant spiked club (weapon)
 t - a +1 great mace of holy wrath
Missiles
 q - 4 poisoned javelins (quivered)
Armour
 b - a +0 animal skin (worn)
 n - a +0 cloak (worn)
Jewellery
 o - a +2 ring of evasion (left claw)
 p - a +2 ring of protection (right claw)
Wands
 l - a wand of iceblast (10)
Scrolls
 i - 4 scrolls of blinking
 k - 5 scrolls of remove curse
 u - 2 scrolls of identify
Potions
 d - 7 potions of curing
 e - 9 potions of heal wounds
 f - a potion of haste
 g - 4 potions of magic
 h - a potion of berserk rage
 j - a potion of invisibility
Comestibles
 c - 2 rations
 s - 7 chunks of flesh


   Skills:
 + Level 8.3 Fighting
 + Level 12.6 Maces & Flails
 + Level 11.3 Dodging


You had 8 spell levels left.
You didn't know any spells.
Your spell library was empty.

Dungeon Overview and Level Annotations

Branches:
Dungeon (1/1)

Altars:
Cheibriados
Dithmenos
Elyvilon
Fedhas
Gozag
Hepliaklqana
Kikubaaqudgha
Makhleb
Nemelex Xobeh
Okawaru
Qazlal
Ru
Sif Muna
Trog
Uskayaw
Vehumet
Wu Jian
Xom
Yredelemnul
Zin
The Shining One
Beogh
Jiyva
Lugonu


Innate Abilities, Weirdness & Mutations

You are too large for most types of armour.
You have claws for hands.
Your metabolism is lightning-fast.
You like to eat raw meat.
Your natural rate of healing is unusually fast.
You are covered in fur. (AC +1)
You have extremely tough skin. (AC +3)


Message History

You feel sick. The water moccasin closely misses you.
The water moccasin bites you but does no damage.
You closely miss the water moccasin.
The water moccasin is almost dead.
You feel sick.
The water moccasin bites you but does no damage.
You impale the water moccasin!!
You kill the water moccasin!
Trog accepts your kill. Something appears at your feet!
Trog grants you a weapon!
You feel sick.
You crush the komodo dragon like a grape!!!
The komodo dragon is almost dead.
You feel sick. The komodo dragon misses you.
You barely miss the komodo dragon.
The komodo dragon is almost dead.
You feel sick. The komodo dragon barely misses you.
The komodo dragon bites you.
You die...

▓▓▓▓▓▓▓▓▓▓▓▓▓▓▓▓▓▓▓▓▓▓▓▓
....ttl@....(|......'...
▓▓▓▓▓▓▓▓▓▓▓▓▓▓▓▓▓▓▓▓▓▓▓▓▓▓▓▓▓▓▓▓▓
.................................
▓▓▓▓▓▓▓▓▓▓▓▓▓▓▓▓▓▓▓▓▓▓▓▓▓▓▓▓▓▓▓▓▓
____________________'.....÷....)'
▓▓▓▓▓▓▓▓▓▓▓▓▓▓▓▓▓▓▓▓▓▓▓▓▓▓▓▓▓▓▓▓▓


You could see a komodo dragon and 2 crocodiles.

Vanquished Creatures
  A centaur warrior (D)
  A black mamba (D)
  A spiny frog (D)
  A dream sheep (shapeshifter) (D)
  A vampire (D)
  2 water moccasins (D)
  An ogre (D)
  A wolf (D)
  2 centaurs (D)
  2 bullfrogs (D)
  A quasit (D)
  3 hounds (D)
  A worker ant (D)
  An adder skeleton (D)
  2 bats (D)
  2 giant cockroaches (D)
  A goblin (D)
  A jackal (D)
  A quokka (D)
  2 leopard gecko zombies (D)
28 creatures vanquished.

Vanquished Creatures (others)
  A spatial maelstrom (D)
1 creature vanquished.

Grand Total: 29 creatures vanquished

Notes
Turn   | Place    | Note
-------+----------+-------------------------------------------
     0 | D        | Descartes the Troll Berserker began the quest for the Orb.
     0 | D        | Reached XP level 1. HP: 22/22 MP: 0/0
     7 | D        | Banished a spatial maelstrom
    11 | D        | Reached skill level 3 in Maces & Flails
    13 | D        | Reached ** piety under Trog
    23 | D        | Noticed a quasit
    23 | D        | Noticed a hound
    23 | D        | Noticed a hound
    27 | D        | Killed a hound
    27 | D        | Reached skill level 4 in Maces & Flails
    27 | D        | Reached XP level 2. HP: 32/32 MP: 1/1
    27 | D        | Reached XP level 3. HP: 39/39 MP: 2/2
    30 | D        | Reached *** piety under Trog
    30 | D        | Reached skill level 5 in Maces & Flails
    60 | D        | Reached XP level 4. HP: 43/49 MP: 3/3
    78 | D        | Found a roughly hewn altar of Beogh.
    78 | D        | Found a snail-covered altar of Cheibriados.
    78 | D        | Found a shadowy altar of Dithmenos.
    78 | D        | Found a white marble altar of Elyvilon.
    78 | D        | Found a blossoming altar of Fedhas.
    78 | D        | Found an opulent altar of Gozag.
    79 | D        | Found a hazy altar of Hepliaklqana.
    80 | D        | Found a viscous altar of Jiyva.
    81 | D        | Found an ancient bone altar of Kikubaaqudgha.
    82 | D        | Found a corrupted altar of Lugonu.
    83 | D        | Found a burning altar of Makhleb.
    84 | D        | Found a sparkling altar of Nemelex Xobeh.
    85 | D        | Found an iron altar of Okawaru.
    86 | D        | Found a stormy altar of Qazlal.
    87 | D        | Found a sacrificial altar of Ru.
    88 | D        | Found a deep blue altar of Sif Muna.
    89 | D        | Found a bloodstained altar of Trog.
    90 | D        | Found a hide-covered altar of Uskayaw.
    91 | D        | Found a radiant altar of Vehumet.
    92 | D        | Found an ornate altar of the Wu Jian Council.
    93 | D        | Found a shimmering altar of Xom.
    94 | D        | Found a basalt altar of Yredelemnul.
    95 | D        | Found a glowing silver altar of Zin.
    96 | D        | Found a glowing golden altar of the Shining One.
   132 | D        | Noticed an ogre
   132 | D        | Noticed a vampire
   132 | D        | Noticed a bullfrog
   134 | D        | Reached **** piety under Trog
   134 | D        | Received a gift from Trog
   136 | D        | Killed a bullfrog
   136 | D        | Reached skill level 5 in Fighting
   136 | D        | Reached skill level 6 in Maces & Flails
   136 | D        | Reached skill level 5 in Dodging
   136 | D        | Reached XP level 5. HP: 57/57 MP: 4/4
   146 | D        | Killed a vampire
   146 | D        | Reached skill level 7 in Maces & Flails
   146 | D        | Reached XP level 6. HP: 67/67 MP: 5/5
   159 | D        | Reached ***** piety under Trog
   159 | D        | Reached skill level 8 in Maces & Flails
   198 | D        | Noticed a yaktaur
   198 | D        | Noticed a centaur warrior
   206 | D        | Killed a centaur warrior
   206 | D        | Reached skill level 10 in Maces & Flails
   206 | D        | Reached skill level 10 in Dodging
   206 | D        | Reached XP level 7. HP: 40/78 MP: 6/6
   206 | D        | Reached XP level 8. HP: 45/87 MP: 7/7
   207 | D        | Noticed a dream sheep
   207 | D        | a yaktaur changed into a dream sheep
   215 | D        | Received a gift from Trog
   216 | D        | Killed a dream sheep
   360 | D        | Noticed a spiny frog
   360 | D        | Noticed a black mamba
   361 | D        | Noticed a komodo dragon
   366 | D        | Killed a black mamba
   366 | D        | Reached skill level 11 in Maces & Flails
   380 | D        | Reached XP level 9. HP: 42/96 MP: 8/8
   383 | D        | Killed a spiny frog
   383 | D        | Reached skill level 12 in Maces & Flails
   389 | D        | HP: 3/96 [poisoned by a water moccasin]
   391 | D        | Received a gift from Trog
   393 | D        | Slain by a komodo dragon

Skill      XL: |  1  2  3  4  5  6  7  8  9 |
---------------+----------------------------+-----
Maces & Flails | 4 5 6 7 10 11 12 | 12.6
Fighting       | 3 4 5 6 7 8 |  8.3
Dodging        | 3 4 5 7 10 11 | 11.3

Action                   |  1- 3 |  4- 6 |  7- 9 || total
-------------------------+-------+-------+-------++-------
Melee: Mace              |    49 |     5 |       ||    54
       Morningstar       |       |    26 |       ||    26
       Giant spiked club |       |     6 |    41 ||    47
Invok: Berserk           |     1 |     1 |       ||     2
       Trog's Hand       |       |     1 |     1 ||     2
  Eat: Chunk             |       |     2 |       ||     2
Armor: Animal skin       |    75 |    12 |    14 ||   101
Dodge: Dodged            |    88 |    31 |    38 ||   157
